 Dungeon Crawl Stone Soup version 0.28-a0-657-g71136c5590 (webtiles) character file.

Game seed: 9694261780028590624

2079 ytrimaz the Cleaver (level 9, 75/75 HPs)
             Began as a Minotaur Fighter on Oct 13, 2021.
             Was an Initiate of Gozag.
             Quit the game on level 6 of the Dungeon.
             The game lasted 00:06:36 (5856 turns).

ytrimaz the Cleaver (Minotaur Fighter)              Turns: 5856, Time: 00:06:37

Health: 75/75      AC:  9    Str: 24    XL:     9   Next: 6%
Magic:  8/8        EV: 10    Int:  5    God:    Gozag
Gold:   328        SH:  4    Dex: 10    Spells: 8/8 levels left

rFire   . . .      SeeInvis .   a - +1 war axe
rCold   . . .      Faith    .   c - +0 buckler
rNeg    . . .      Spirit   .   b - +0 scale mail
rPois   .          Reflect  .   (helmet restricted)
rElec   .          Harm     .   (no cloak)
rCorr   .          Rampage  .   m - +0 pair of gloves
Will    .....                   (no boots)
Stlth   ..........              (no amulet)
HPRegen 0.22/turn               (no ring)
MPRegen 0.11/turn               (no ring)

@: studying Transmutations
A: horns 2, retaliatory headbutt
a: Renounce Religion, Potion Petition, Call Merchant, Bribe Branch


You were on level 6 of the Dungeon.
You worshipped Gozag.
Gozag was aware of your devotion.
You visited 1 branch of the dungeon, and saw 6 of its levels.

You collected 600 gold pieces.
You spent 210 gold pieces at shops.
You paid 62 gold pieces to Gozag.

Inventory:

Hand Weapons
 a - a +1 war axe (weapon)
 o - a +0 battleaxe
Missiles
 p - 2 throwing nets (quivered)
Armour
 b - a +0 scale mail (worn)
 c - a +0 buckler (worn)
 m - a +0 pair of gloves (worn)
 q - a +0 kite shield
 r - the +0 leather armour of the Saviour {rPois Str+3}
   (You bought it in a shop on level 5 of the Dungeon)

   Str:       It affects your strength (+3).
   rPois:     It protects you from poison.
Jewellery
 i - a ring of magical power
Wands
 f - a wand of iceblast (12)
 n - a wand of acid (3)
 u - a wand of polymorph (11)
Scrolls
 j - a scroll of fear
 s - a scroll of teleportation
 t - a scroll of amnesia
Potions
 d - 2 potions of might
 e - 3 potions of heal wounds
 g - 2 potions of cancellation {unknown}
 h - 3 potions of resistance {unknown}
 k - 3 potions of lignification
 l - a potion of brilliance {unknown}
 v - a potion of flight {unknown}


   Skills:
 + Level 5.9 Fighting
 * Level 11.0 Axes
 * Level 8.7 Armour
 - Level 4.0 Shields


You had 8 spell levels left.
You didn't know any spells.
Your spell library was empty.

Dungeon Overview and Level Annotations

Branches:
Dungeon (6/15)
 Temple: D:4-7

Altars:
Elyvilon
Gozag
Hepliaklqana
Makhleb
Okawaru
Qazlal
Vehumet

Shops:
D:5 *((=

Annotations:
D:3 3 runed translucent doors, AlleluiaPinecone's ghost, weakling VSBr; AttackTheMoon's ghost, weakling SpBe; jsc133's ghost, weakling MiBe


Innate Abilities, Weirdness & Mutations

You have a pair of horns on your head.
You reflexively headbutt those who attack you in melee.


Message History

Found an inky potion.
The killer bee zombie hits you but does no damage. x2
You miss the killer bee zombie. You headbutt the killer bee zombie!
The killer bee zombie is moderately damaged.
The killer bee zombie completely misses you.
You slice the killer bee zombie!!
The killer bee zombie is almost destroyed.
The killer bee zombie hits you.
The killer bee zombie hits you but does no damage.
You barely miss the killer bee zombie. You headbutt the killer bee zombie.
You destroy the killer bee zombie!
Your Axes skill increases to level 11!
v - an inky potion You now have 320 gold pieces (gained 7).
There is an open door, spattered with blood here.
You open the door.
There is an open door here.
There is a stone staircase leading down here.
Key pressed, stopping explore.
There is a stone staircase leading down here.
A hound comes into view.
A hound is nearby!
Unknown command.
A hound is nearby!
A hound is nearby!
You barely miss the hound. You headbutt the hound!
The hound is severely wounded.
The hound bites you but does no damage.
You slash the hound!
You kill the hound!
Found a ring mail.
You now have 328 gold pieces (gained 8).
Found 16 arrows.
You see here 16 arrows.
Done exploring.
Done exploring.
Done exploring.
Okay, then.
There is a stone staircase leading down here.
Are you sure you want to abandon this character and quit the game? (Confirm with "yes".)

##.^.............
##.#..#.....#...
#####....[.#...#..>
#...#.............. ###########
#.................. ....#.[...##
#...##.......#).... ...........##
#...##.......##.#..
............########.......##..##
................@..........###.#
.............#######.......# #.#
..............### #.......###.##
............#...## #.........#...
............###..####.....##.###.
...........## ##....##.....#.####
....#.....## ####.######....###
########### #.## ###..... #..###
#######


There were no monsters in sight!

Vanquished Creatures
  Sigmund (D:3)
  A wyvern (D:6)
  Eustachio (D:6)
  A water moccasin (D:6)
  An ice beast (D:6)
  A black bear (D:6)
  A necrophage (D:6)
  An ogre (D:6)
  A phantom (D:4)
  A wyvern zombie (D:6)
  A bullfrog (D:5)
  2 scorpions
  Blork the orc (D:5)
  A water moccasin zombie (D:5)
  4 wights (D:6)
  A bullfrog zombie (D:5)
  A bullfrog skeleton (D:6)
  A jelly (D:5)
  6 hounds
  Jessica (D:2)
  3 iguanas
  Ijyb (D:4)
  A killer bee zombie (D:6)
  A howler monkey zombie (D:6)
  5 adders
  7 dart slugs
  11 orcs
  6 ball pythons
  8 endoplasms
  A giant cockroach (D:3)
  7 goblins
  9 hobgoblins
  4 quokkas
  8 bats
  2 frilled lizards
  4 kobolds
  5 rats
112 creatures vanquished.

Vanquished Creatures (others)
  4 withered plants (D:3)
4 creatures vanquished.

Grand Total: 116 creatures vanquished

Notes
Turn   | Place    | Note
-------+----------+-------------------------------------------
     0 | D:1      | ytrimaz the Minotaur Fighter began the quest for the Orb.
     0 | D:1      | Reached XP level 1. HP: 19/19 MP: 0/0
   425 | D:1      | Reached XP level 2. HP: 26/27 MP: 1/1
   856 | D:2      | Reached skill level 3 in Axes
   987 | D:2      | Noticed Jessica
   992 | D:2      | Killed Jessica
   993 | D:2      | Reached XP level 3. HP: 33/33 MP: 2/2
  1514 | D:2      | Reached XP level 4. HP: 38/40 MP: 3/3
  1689 | D:3      | Reached skill level 5 in Armour
  1697 | D:3      | Found a runed translucent gate.
  1698 | D:3      | Found a runed translucent gate.
  1699 | D:3      | Found a runed translucent gate.
  1700 | D:3      | Noticed jsc133's ghost (weakling MiBe)
  1700 | D:3      | Noticed AlleluiaPinecone's ghost (weakling VSBr)
  1700 | D:3      | Noticed AttackTheMoon's ghost (weakling SpBe)
  1939 | D:3      | Reached skill level 4 in Axes
  2041 | D:3      | Noticed Sigmund
  2049 | D:3      | Killed Sigmund
  2050 | D:3      | Reached skill level 5 in Axes
  2050 | D:3      | Reached XP level 5. HP: 38/46 MP: 4/4
  2295 | D:3      | Reached XP level 6. HP: 50/52 MP: 5/5
  2637 | D:4      | Noticed Ijyb
  2637 | D:4      | Found a white marble altar of Elyvilon.
  2637 | D:4      | Found an opulent altar of Gozag.
  2637 | D:4      | Found an iron altar of Okawaru.
  2637 | D:4      | Found a radiant altar of Vehumet.
  2648 | D:4      | Killed Ijyb
  2655 | D:4      | Became a worshipper of Gozag Ym Sagoz the Greedy
  2717 | D:4      | Reached skill level 6 in Axes
  2994 | D:4      | Identified the +5 short sword "Wecussem" {elec, rC+}
  3440 | D:5      | Entered Level 5 of the Dungeon
  3477 | D:5      | Noticed Blork the orc
  3483 | D:5      | Killed Blork the orc
  3484 | D:5      | Reached skill level 7 in Axes
  3484 | D:5      | Reached XP level 7. HP: 52/60 MP: 6/6
  3666 | D:5      | Found Zaniprec's Jewellery Emporium.
  3794 | D:5      | Found Matiud Pafu's Armour Emporium.
  3870 | D:5      | Found Coqib's Assorted Antiques.
  3879 | D:5      | Bought a crude leather armour for 210 gold pieces
  3879 | D:5      | Identified the +0 leather armour of the Saviour {rPois
                  | Str+3} (You bought it in a shop on level 5 of the Dungeon)
  3904 | D:5      | Found Ucralor's Weapon Shop.
  3911 | D:5      | Found Akiryreo's Antique Weapon Emporium.
  3917 | D:5      | Reached skill level 8 in Axes
  4152 | D:5      | Reached skill level 5 in Fighting
  4387 | D:6      | Noticed a wyvern
  4387 | D:6      | Found a burning altar of Makhleb.
  4393 | D:6      | Reached XP level 8. HP: 39/68 MP: 7/7
  4399 | D:6      | Reached skill level 9 in Axes
  4841 | D:6      | Found a stormy altar of Qazlal.
  4841 | D:6      | Noticed Eustachio
  4857 | D:6      | Killed Eustachio
  4858 | D:6      | Reached skill level 10 in Axes
  5556 | D:6      | Reached XP level 9. HP: 71/75 MP: 8/8
  5625 | D:6      | Found a hazy altar of Hepliaklqana.
  5650 | D:6      | Reached skill level 11 in Axes
  5856 | D:6      | Quit the game

Illustrated notes

Levels and vault maps discovered:
D:1:      wander_arrival_estate, layout_rooms
D:2:      layout_loops_ring, uniq_jessica
D:3:      layout_basic, gammafunk_ghost_cemetery, uniq_sigmund
D:4:      layout_loops_ring, grunt_temple_overflow_open,
          minmay_misc_feat_more_columns, uniq_ijyb
D:5:      layout_basic, serial_shops, shop_statue,
          nicolae_shop_overgrown_old_shop, shop_fountains,
          nicolae_take_the_stairs, nicolae_diamond_shop,
          kennysheep_generic_room_13, uniq_blork_the_orc
D:6:      layout_rooms, mainiacjoe_overflow_alcove_1,
          mainiacjoe_overflow_six_doors_small, mainiacjoe_overflow_alcove_4,
          uniq_eustachio

Skill      XL: |  1  2  3  4  5  6  7  8  9 |
---------------+----------------------------+-----
Armour         | 4 5 6 7 8 |  8.7
Axes           | 3 5 7 8 10 11 | 11.0
Fighting       | 4 5 |  5.9
Shields        | 4 |  4.0

Action                   |  1- 3 |  4- 6 |  7- 9 || total
-------------------------+-------+-------+-------++-------
Melee: War axe           |    73 |    83 |   131 ||   287
       Headbutt          |     6 |    19 |    28 ||    53
  Use: Scroll            |       |     7 |     2 ||     9
Armor: Scale mail        |    38 |    39 |    53 ||   130
Dodge: Dodged            |    43 |    35 |    51 ||   129
Block: Buckler           |    20 |    16 |    31 ||    67

Table legend: (Time is in decaauts)
 A = Elapsed time spent in this place.
 B = Non-inter-level travel time spent in this place.
 C = Inter-level travel time spent in this place.
 D = Time resting spent in this place.
 E = Time spent auto-exploring this place.
 F = Levels seen in this place.
 G = Mean time per level.
                   A        B        C        D        E       F      G
               +--------+--------+--------+--------+--------+-----+--------+
         Total |   5907 |   5773 |    134 |    392 |   4335 |   6 |  984.5 |
       Dungeon |   5907 |   5773 |    134 |    392 |   4335 |   6 |  984.5 |
               +--------+--------+--------+--------+--------+-----+--------+

Top non-repeatable levels by time:
     D:6: 1468 daAuts
     D:3: 1069 daAuts
     D:5: 953 daAuts
     D:2: 875 daAuts
     D:4: 809 daAuts
     D:1: 731 daAuts
